 Dungeon Crawl Stone Soup version 0.25-a0-36-g303dd5b1f4 (webtiles) character file.

Game seed: 12460253629149143254, levelgen mode: deterministic

58 Johnny the Digger (level 3, -3/39 HPs)
             Began as a Demigod Earth Elementalist on Oct 20, 2019.
             Killed from afar by Natasha (8 damage)
             ... with a magic dart
             ... on level 3 of the Dungeon.
             The game lasted 00:01:50 (2991 turns).

Johnny the Digger (Demigod Earth Elementalist)      Turns: 2991, Time: 00:01:51

Health: -3/39      AC:  2    Str: 16    XL:     3   Next: 51%
Magic:  9/9        EV: 13    Int: 21    God:
Gold:   112        SH:  0    Dex: 16    Spells: 5/6 levels left

rFire    . . .     SeeInvis .   a - +0 whip
rCold    . . .     Gourm    .   (no shield)
rNeg     . . .     Faith    .   c - +0 robe
rPois    .         Spirit   .   (no helmet)
rElec    .         Reflect  .   j - scarf {repulsion}
rCorr    .         Harm     .   (no gloves)
MR       .....                  (no boots)
Stlth    ..........             (no amulet)
HPRegen  0.13/turn              (no ring)
MPRegen  0.11/turn              (no ring)

@: berserking (expiring), lethally poisoned (-3 -> -8), slowed, repel missiles
A: high mp 1
a: no special abilities


You were on level 3 of the Dungeon.
You were not hungry.

You visited 1 branch of the dungeon, and saw 3 of its levels.

You collected 112 gold pieces.

Inventory:

Hand Weapons
 a - a +0 whip (weapon)
Missiles
 b - 41 stones (quivered)
Armour
 c - a +0 robe (worn)
 j - a scarf of repulsion (worn)
Jewellery
 h - a +2 ring of protection
 n - an uncursed ring of flight {unknown}
Scrolls
 e - 3 scrolls of teleportation {unknown}
 f - a scroll of enchant armour {unknown}
 g - 3 scrolls of identify {unknown}
 l - 2 scrolls of blinking {unknown}
 m - a scroll of random uselessness {unknown}
 o - a scroll of amnesia {unknown}
Potions
 k - a potion of curing {unknown}
Comestibles
 d - 4 rations


   Skills:
 + Level 2.4 Dodging
 - Level 1.7 Stealth
 + Level 2.2 Spellcasting
   Level 0.8 Transmutations
 * Level 3.6 Earth Magic


You had 5 spell levels left.
You knew the following spells:

 Your Spells              Type           Power        Failure   Level  Hunger
a - Sandblast             Erth           ###...       3%          1    #......

Your spell library contained the following spells:

 Spells                   Type           Power        Failure   Level  Hunger
 Passwall                 Tmut/Erth      ##......     9%          2    ##.....
 Stone Arrow              Conj/Erth      ##....       21%         3    ###....
 Petrify                  Tmut/Erth      ##......     50%         4    #####..
 Lee's Rapid Deconstruct  Erth           ###.......   65%         5    ######.


Dungeon Overview and Level Annotations

Branches:
Dungeon (3/15)

Annotations:
D:3 Natasha


Innate Abilities, Weirdness & Mutations

You have an increased reservoir of magic. (+10% MP)


Message History

You barely miss the goblin.
* * * LOW HITPOINT WARNING * * *
You feel sick. The goblin hits you but does no damage.
You closely miss the goblin.
* * * LOW HITPOINT WARNING * * *
You feel sick. The goblin closely misses you.
You whack the goblin!
You kill the goblin!
* * * LOW HITPOINT WARNING * * *
You feel sick.
A goblin comes into view. It is wielding a +0 dagger of venom.
You see here a +0 dagger.
You feel a strong urge to attack something.
Natasha, Servant of Life and Death comes into view.
* * * LOW HITPOINT WARNING * * *
You feel sick.
Natasha hisses angrily.
The goblin shouts!
Natasha stares at you and mumbles some strange words.
The magic dart hits you!
You die...

#............ ......###.
#..... ..... .......#...
##..h..
#...#............
.......
#...##.##........
....g..
#...##.##...^....
......##...##.##........
#...)...##.#....##...
#......†(#.#....##...
#...@....(.#.†..##...
#........(...........
#######...........###
#....$......#
#..............
###..######.### #..# #.#
#.># #.# ##.# #.#


You could see Natasha and a goblin.

Vanquished Creatures
  A worm (D:2)
  4 dart slugs
  3 leopard geckos (D:1)
  5 orcs (D:3)
  2 giant cockroaches (D:1)
  7 goblins
  3 jackals (D:1)
  2 frilled lizards
  5 kobolds (D:1)
  6 rats
38 creatures vanquished.

Notes
Turn   | Place    | Note
-------+----------+-------------------------------------------
     0 | D:1      | Johnny the Demigod Earth Elementalist began the quest for
                  | the Orb.
     0 | D:1      | Reached XP level 1. HP: 14/14 MP: 5/5
   434 | D:1      | Reached skill level 3 in Earth Magic
   443 | D:1      | Reached XP level 2. HP: 20/20 MP: 0/7
  1365 | D:1      | Reached XP level 3. HP: 21/26 MP: 8/8
  1898 | D:2      | Found a faded altar of an unknown god.
  2268 | D:2      | Found a sparkling altar of Nemelex Xobeh.
  2990 | D:3      | Noticed Natasha
  2991 | D:3      | Killed from afar by Natasha

Levels and vault maps discovered:
D:1:      kilobyte_arrival_exit_the_forest, layout_rooms
D:2:      layout_basic, chequers_ecumenical_altar_simple_redux,
          minmay_fountain_box, minmay_misc_feat_plants,
          nemelex_diamond_rough_becter
D:3:      minmay_chambers_of_threes, layout_basic, uniq_natasha

Skill      XL: |  1  2 |
---------------+-------+-----
Dodging        | 2 |  2.4
Earth Magic    | 3 |  3.6
Spellcasting   | 2 |  2.2
Stealth        | |  1.7
Transmutations | |  0.8

Action                   || total
-------------------------++-------
Melee: Unarmed           ||    18
       Whip              ||    64
 Cast: Sandblast         ||    35
  Use: Potion            ||     2
 Stab: Sleeping          ||     3
  Eat: Chunk             ||     3
       Ration            ||     1
Armor: Robe              ||    12
Dodge: Dodged            ||    79
       Deflected         ||     3

Table legend:
 A = Non-vault XP
 B = Vault XP
 C = Vault XP percentage of total XP
 D = Non-vault monster count
 E = Vault monster count
 F = Vault count percentage of total count
                 A         B        C        D         E       F
            +---------+---------+-------+---------+---------+-------
      Total |      83 |       0 |   0.0 |      38 |       0 |   0.0
            +---------+---------+-------+---------+---------+-------
        D:1 |      52 |       0 |   0.0 |      26 |       0 |   0.0
        D:2 |       8 |       0 |   0.0 |       3 |       0 |   0.0
        D:3 |      23 |       0 |   0.0 |       9 |       0 |   0.0
            +---------+---------+-------+---------+---------+-------
